 Seeded DCSS version 0.30.1-6-gbe392663c4 (webtiles) character file.

Game seed: 1416809328348268147 (custom seed)

86 Psyclone the Firebug (level 4, -2/24 HPs)
             Began as a Deep Elf Fire Elementalist on Sept 21, 2023.
             Slain by a gnoll
             ... wielding a +0 halberd
              (11 damage)
             ... on level 5 of the Dungeon.
             The game lasted 00:05:33 (1398 turns).

Psyclone the Firebug (Deep Elf Fire Elementalist)   Turns: 1398, Time: 00:05:33

Health: -2/24      AC:  2    Str:  5    XL:     4   Next: 27%
Magic:  2/10       EV: 12    Int: 28    God:
Gold:   110        SH:  0    Dex: 15    Spells: 8/9 levels left

rFire   + . .        d - +0 dagger
rCold   + . .        (no shield)
rNeg    . . .        a - +0 robe
rPois   .            (no helmet)
rElec   .            e - scarf {rC+ rF+}
rCorr   .            (no gloves)
SInv    .            (no boots)
Will    .....        (no amulet)
Stlth   ++           g - +6 ring of intelligence
HPRegen 0.24/turn    (no ring)
MPRegen 0.12/turn

%: no passive effects
@: no status effects
A: no striking features
a: no special abilities


You were on level 5 of the Dungeon.
You visited 1 branch of the dungeon, and saw 5 of its levels.

You collected 131 gold pieces.
You spent 21 gold pieces at shops.

Inventory:

Hand Weapons
 d - a +0 dagger (weapon)
Armour
 a - a +0 robe (worn)
 e - a scarf of resistance (worn)
Jewellery
 g - a +6 ring of intelligence (left hand)
Scrolls
 c - 8 scrolls of identify {unknown}
 f - 4 scrolls of teleportation {unknown}
 i - a scroll of enchant armour {unknown}
Potions
 b - 2 potions of magic
 h - a potion of lignification {unknown}
 j - a potion of experience {unknown}
 k - a potion of curing {unknown}
 l - a potion of haste {unknown}


   Skills:
 - Level 2.4 Dodging
 - Level 2.4 Stealth
 - Level 3.0 Spellcasting
 - Level 1.1 Conjurations
 + Level 5.7 Fire Magic


You had 8 spell levels left.
You knew the following spells:

 Your Spells              Type           Power      Damage    Failure   Level
a - Foxfire               Conj/Fire      92%        2x1d8     1%          1

Your spell library contained the following spells:

 Spells                   Type           Power      Damage    Failure   Level
 Scorch                   Fire           72%        2d8       1%          2
 Inner Flame              Hex/Fire       20%        N/A       8%          3
 Volatile Blastmotes      Fire/Tloc      40%        2d13      8%          3
 Flame Wave               Conj/Fire      23%        2d8       21%         4


Dungeon Overview and Level Annotations

Branches:
Dungeon (5/15) Zot: 26976
 Temple: D:4-7

Altars:
Nemelex Xobeh

Shops:
D:2 *


Message History

The foxfire hits the gnoll.
The gnoll is moderately wounded.
The foxfire hits the gnoll but does no damage.
The gnoll is moderately wounded.
You now have 6/10 mp.
Casting: Foxfire (safe; 2% risk of failure)
Confirm with . or Enter, or press ? or * to list all spells.
You conjure some foxfire!
Your foxfire dissipates!
The foxfire hits the gnoll!
The gnoll is severely wounded.
A gnoll comes into view. It is wielding a +0 spear.
The foxfire hits the gnoll.
You kill the gnoll!
The gnoll hits you from afar with a +0 halberd!
You take 8 damage, and have 16/24 hp.
MASSIVE DAMAGE!!
You now have 5/10 mp.
Casting: Foxfire (safe; 1% risk of failure)
Confirm with . or Enter, or press ? or * to list all spells.
You conjure some foxfire!
The gnoll hits you from afar with a +0 halberd!
You take 8 damage, and have 8/24 hp.
MASSIVE DAMAGE!!
You now have 4/10 mp.
Casting: Foxfire (safe; 1% risk of failure)
Confirm with . or Enter, or press ? or * to list all spells.
You conjure some foxfire!
The foxfire hits the gnoll.
The gnoll is heavily wounded.
Your foxfire dissipates!
The gnoll completely misses you.
You now have 3/10 mp.
Casting: Foxfire (safe; 1% risk of failure)
Confirm with . or Enter, or press ? or * to list all spells.
You conjure some foxfire!
The foxfire hits the gnoll.
The gnoll is severely wounded.
The foxfire hits the gnoll.
The gnoll is almost dead.
The gnoll closely misses you.
Casting: Foxfire (safe; 1% risk of failure)
Confirm with . or Enter, or press ? or * to list all spells.
You conjure some foxfire!
The gnoll hits you from afar with a +0 halberd!
You die...

#.#######
#.##....#.#
#....##...#
####.#.[...#
#...........
#.####...###
#§####gg...#
#.§§v#v#.#.#
####§@v§.# #
#v§..[....
#....##...
#....# .
#....#
##...# #...#
#...#


You could see 2 gnolls.

Vanquished Creatures
  An iguana (D:4)
  A gnoll (D:5)
  2 adders (D:2)
  A worm (D:2)
  2 dart slugs (D:2)
  An orc (D:4)
  A ball python (D:1)
  A bat (D:2)
  4 endoplasms
  3 goblins (D:2)
  2 hobgoblins
  A quokka (D:2)
  2 frilled lizards (D:2)
  3 kobolds
25 creatures vanquished.

Vanquished Creatures (others)
  122 foxfires
122 creatures vanquished.

Grand Total: 147 creatures vanquished

Notes
Turn   | Place    | Note
-------+----------+-------------------------------------------
     0 | D:1      | Psyclone the Deep Elf Fire Elementalist began the quest for
                  | the Orb.
     0 | D:1      | Reached XP level 1. HP: 10/10 MP: 6/6
     0 | D:1      | Noticed a minotaur
     0 | D:1      | Noticed a gargoyle
     3 | D:1      | Noticed an elf
     5 | D:1      | Noticed a dwarf
     7 | D:1      | Noticed a dwarf
     8 | D:1      | Noticed a vine stalker
    10 | D:1      | Noticed an octopode
    10 | D:1      | Noticed an elf
    12 | D:1      | Noticed an octopode
    13 | D:1      | Noticed a demigod
    14 | D:1      | Noticed a gargoyle
    17 | D:1      | Noticed a demonspawn
    19 | D:1      | Noticed a vampire
    19 | D:1      | Noticed an octopode
    93 | D:2      | Reached skill level 4 in Fire Magic
    93 | D:2      | Reached XP level 2. HP: 14/15 MP: 0/8
   539 | D:2      | Found a sparkling altar of Nemelex Xobeh.
   591 | D:2      | Found Mockeeb's Assorted Antiques.
   605 | D:2      | Reached XP level 3. HP: 19/19 MP: 4/9
   809 | D:2      | Bought a scroll labelled FETOIH OTWUMN for 21 gold pieces
  1005 | D:1      | Reached skill level 5 in Fire Magic
  1320 | D:4      | Reached XP level 4. HP: 24/24 MP: 4/10
  1375 | D:5      | Entered Level 5 of the Dungeon
  1398 | D:5      | Slain by a gnoll

Illustrated notes

Levels and vault maps discovered:
D:1:      shiori_arrival_whats_in_store_for_you, layout_basic
D:2:      layout_rooms, serial_shops, shop, basic_altar
D:3:      layout_rooms, lemuel_tele_altar, nicolae_overflow_hallway_of_the_gods,
          chequers_serial_rivers_small_3
D:4:      layout_cave_pods, serial_shops, kennysheep_mini, uniq_duvessa
D:5:      layout_basic

Skill      XL: |  1  2  3 |
---------------+----------+-----
Fire Magic     | 4 5 |  5.7
Dodging        | |  2.4
Stealth        | |  2.4
Spellcasting   | |  3.0
Conjurations   | |  1.1

Action                     |  1- 3 |  4- 6 || total
---------------------------+-------+-------++-------
  Melee: Dagger            |    21 |       ||    21
   Cast: Foxfire           |    67 |     9 ||    76
 Armour: Robe              |     7 |       ||     7
  Dodge: Dodged            |    33 |     2 ||    35
